 Dungeon Crawl Stone Soup version 0.29-a0-344-ge2f44be95a (webtiles) character file.

Game seed: 2050831760064198550

2060 Opifex the Archer (level 9, 0/46 HPs)
             Began as a Spriggan Hunter on Apr 22, 2022.
             Was an Initiate of Okawaru.
             Succumbed to a killer bee's poison
             ... on level 7 of the Dungeon.
             The game lasted 00:14:50 (5490 turns).

Opifex the Archer (Spriggan Hunter)                 Turns: 5490, Time: 00:14:51

Health: 0/46       AC:  4    Str: 13    XL:     9   Next: 5%
Magic:  10/10      EV: 19    Int: 10    God:    Okawaru [......]
Gold:   452        SH:  0    Dex: 23    Spells: 8/8 levels left

rFire   . . .      SeeInvis +   s - +6 shillelagh "Devastator" {shatter}
rCold   . . .      Faith    .   (no shield)
rNeg    . . .      Spirit   .   i - +1 robe of the Wilderness {rPois Archmagi}
rPois   +          Reflect  .   (helmet restricted)
rElec   .          Harm     .   r - +0 cloak
rCorr   .          Rampage  .   (gloves unavailable)
Will    +++..      Archmagi +   (boots unavailable)
Stlth   +++.......              (no amulet)
HPRegen 0.15/turn               j - ring of flight
MPRegen 0.12/turn               w - ring "Xuvumomy" {Will++ Str+6}

@: lethally poisoned (0 -> -5), flying, very quick
A: very small, no large weapons, unfitting armour, see invisible, speed 3
a: Renounce Religion


You were on level 7 of the Dungeon.
You worshipped Okawaru.
Okawaru was noncommittal.
You visited 2 branches of the dungeon, and saw 9 of its levels.
You also visited: Sewer.

You collected 452 gold pieces.

Inventory:

Hand Weapons
 a - a +2 shortbow of flaming
 s - the +6 shillelagh "Devastator" (weapon) {shatter}
   (You found it on level 3 of the Dungeon)

   It releases a powerful concussive burst when it strikes, dealing extra damage
   to the target and all other foes adjacent to them.
Armour
 i - the +1 robe of the Wilderness (worn) {rPois Archmagi}
   (You found it on level 5 of the Dungeon)

   rPois:     It protects you from poison.
   Archmagi:  It increases the power of your magical spells.
 r - a +0 cloak (worn)
Jewellery
 j - a ring of flight (left hand)
 l - a +6 ring of intelligence
 w - the ring "Xuvumomy" (right hand) {Will++ Str+6}
   (You found it on level 5 of the Dungeon)

   [ring of strength]

   Str:       It affects your strength (+6).
   Will:      It greatly increases your willpower.
 y - a ring of fire
 A - a ring of positive energy
Scrolls
 b - 2 scrolls of summoning
 c - 2 scrolls of immolation
 n - 3 scrolls of blinking
 v - 2 scrolls of enchant weapon
 B - a scroll of teleportation
Potions
 d - 7 potions of curing
 e - 3 potions of haste {unknown}
 f - a potion of resistance
 g - 2 potions of brilliance
 h - 2 potions of ambrosia
 k - 3 potions of mutation {unknown}
 m - 4 potions of heal wounds {unknown}
 o - a potion of flight {unknown}
 p - 2 potions of lignification {unknown}
 q - 4 potions of attraction
 u - 3 potions of cancellation {unknown}
 x - a potion of might {unknown}


   Skills:
 + Level 4.7 Fighting
 + Level 12.9 Bows
 + Level 3.8 Dodging
 + Level 3.6 Stealth


You had 8 spell levels left.
You didn't know any spells.
Your spell library was empty.

Dungeon Overview and Level Annotations

Branches:
Dungeon (8/15)             Temple (1/1) D:7           Sewer (visited)
   Lair: D:8-11

Altars:
Ashenzari
Cheibriados
Dithmenos
Elyvilon
Fedhas
Gozag
Hepliaklqana
Kikubaaqudgha
Makhleb
Nemelex Xobeh
Okawaru
Qazlal
Ru
Sif Muna
Trog
Uskayaw
Wu Jian
Xom
Yredelemnul


Innate Abilities, Weirdness & Mutations

You are very small and have problems with some larger weapons.
You are too small for most types of armour.
You have supernaturally acute eyesight. (SInv)
You cover ground extremely quickly. (Speed+++)


Message History

You miss the killer bee. The killer bee closely misses you.
The killer bee stings you but does no damage.
The killer bee closely misses you.
The killer bee stings you but does no damage.
The killer bee barely misses you. x2; The killer bee closely misses you.
The killer bee completely misses you. The killer bee misses you.
You hit the killer bee.
The killer bees shudder.
The killer bee is moderately wounded.
The killer bee is lightly wounded. x2
The killer bee is moderately wounded.
The killer bee closely misses you. The killer bee misses you.
The killer bee stings you. The killer bee completely misses you.
The killer bee stings you!
You are poisoned.
The killer bee poisons you! The killer bee closely misses you.
You hit the killer bee.
The killer bees shudder.
The killer bee is heavily wounded.
The killer bee is lightly wounded.
The killer bee is heavily wounded. x2
You feel very sick. The killer bee closely misses you.
The killer bee misses you.
The killer bee stings you but does no damage. x2
The killer bee barely misses you. The killer bee closely misses you.
The killer bee stings you but does no damage.
The killer bee closely misses you. The killer bee completely misses you.
You sock the killer bee!
The killer bees shudder.
The killer bee is moderately wounded.
The killer bee is heavily wounded.
You kill the killer bee!
Okawaru accepts your kill.
You feel sick. The killer bee misses you. The killer bee closely misses you.
The killer bee stings you but does no damage.
The killer bee stings you.
* * * LOW HITPOINT WARNING * * *
The killer bee misses you. The killer bee stings you.
* * * LOW HITPOINT WARNING * * *
Okay, then.
You miss the killer bee.
The killer bee is heavily wounded.
You die...

...................##.#
#.######.
.....................##
#........
.....................#
######...
....................##
##.##
#...................#
#..#
#...####...........####
##.## ##..#
##..........##..######..#
...##
#.........y............##
...#
#........†@......#######
...# #........y.....###
...####............###
....................###
..###.................#
..##..................##
..###.........##.......#
.....[........#.....#..#
#.............#...###.##


You could see 2 killer bees.

Vanquished Creatures
  Sigmund (D:3)
  Edmund (D:4)
  A water moccasin (D:4)
  An orc warrior (D:7)
  Pargi (Sewer)
  2 black bears (D:5)
  A sky beast (D:5)
  3 ogres
  A kobold brigand (D:7)
  2 bullfrogs (D:6)
  A scorpion (D:5)
  2 necrophages
  A killer bee (D:7)
  4 howler monkeys
  A hound (D:5)
  3 orc priests
  Crazy Yiuf (D:3)
  3 iguanas (D:5)
  An orc wizard (D:4)
  A river rat (D:6)
  5 adders
  A worm (D:2)
  2 dart slugs (D:2)
  12 orcs
  4 ball pythons
  4 endoplasms
  A giant cockroach (Sewer)
  7 goblins
  2 hobgoblins
  13 kobolds
  3 quokkas
  4 bats
  5 frilled lizards
  3 rats
98 creatures vanquished.

Vanquished Creatures (others)
  4 toadstools (D:1)
4 creatures vanquished.

Grand Total: 102 creatures vanquished

Notes
Turn   | Place    | Note
-------+----------+-------------------------------------------
     0 | D:1      | Opifex the Spriggan Hunter began the quest for the Orb.
     0 | D:1      | Reached XP level 1. HP: 10/10 MP: 2/2
    33 | D:1      | Reached skill level 5 in Bows
   224 | D:1      | Reached XP level 2. HP: 14/14 MP: 3/3
   897 | D:2      | Reached XP level 3. HP: 18/18 MP: 4/4
  1518 | D:3      | Noticed Sigmund
  1521 | D:3      | Killed Sigmund
  1522 | D:3      | Reached skill level 7 in Bows
  1522 | D:3      | Reached XP level 4. HP: 23/23 MP: 5/5
  1522 | D:3      | Reached XP level 5. HP: 27/27 MP: 6/6
  1667 | D:3      | Found a runed translucent door.
  1667 | D:3      | Found the +6 shillelagh "Devastator" {shatter}
  1668 | D:3      | Noticed Crazy Yiuf
  1738 | D:3      | Found a sparkling altar of Nemelex Xobeh.
  1745 | D:3      | Killed Crazy Yiuf
  1831 | D:3      | Found a sacrificial altar of Ru.
  1947 | D:4      | Noticed an ogre
  1963 | D:4      | Killed an ogre
  1964 | D:4      | Reached skill level 8 in Bows
  1964 | D:4      | Reached XP level 6. HP: 32/32 MP: 7/7
  2158 | D:4      | Noticed a water moccasin
  2217 | D:4      | Killed a water moccasin
  2297 | D:4      | Noticed Edmund
  2307 | D:4      | Reached skill level 9 in Bows
  2329 | D:4      | Reached XP level 7. HP: 35/35 MP: 8/8
  2383 | D:4      | Killed Edmund
  2944 | D:5      | Entered Level 5 of the Dungeon
  2973 | D:5      | Reached skill level 10 in Bows
  3042 | D:5      | Identified the +1 robe of the Wilderness {rPois Archmagi}
  3159 | D:5      | Reached skill level 11 in Bows
  3159 | D:5      | Reached XP level 8. HP: 40/40 MP: 9/9
  3207 | D:5      | Identified the +4 hunting sling of Winter {flame, Fragile
                  | Dex+7}
  3236 | D:5      | Found a shadowy altar of Dithmenos.
  3418 | D:5      | Identified the ring "Xuvumomy" {Will++ Str+6}
  3847 | D:6      | Found a glowing drain.
  3862 | Sewer    | Entered a sewer
  3957 | Sewer    | Noticed Pargi
  3967 | Sewer    | Killed Pargi
  4096 | D:6      | Found a stormy altar of Qazlal.
  4109 | D:6      | Noticed an air elemental
  4149 | D:6      | Reached skill level 12 in Bows
  4946 | D:7      | Found a staircase to the Ecumenical Temple.
  4952 | Temple   | Entered the Ecumenical Temple
  4982 | Temple   | Became a worshipper of Warmaster Okawaru
  5195 | D:7      | Reached XP level 9. HP: 46/46 MP: 10/10
  5380 | D:7      | Found a shimmering blue altar of Sif Muna.
  5489 | D:7      | HP: 2/46 [killer bee (6)]
  5490 | D:7      | Succumbed to a killer bee's poison

Illustrated notes

Levels and vault maps discovered:
D:1:      ldierk_walled_garden_2, layout_basic
D:2:      layout_basic
D:3:      layout_rooms, nicolae_ru_sacrificial_ziggurat,
          mainiacjoe_overflow_alcove_1, minmay_between, uniq_crazy_yiuf_cottage,
          uniq_sigmund
D:4:      layout_loops_ring, kennysheep_generic_room_10, uniq_edmund
D:5:      layout_gridville, nicolae_dithmenos_the_darkroom, dk_noncrumbling_4
D:6:      layout_basic, nicolae_qazlal_style_of_elements,
          cheibrodos_sewer_entry_sluice
D:7:      layout_cave_pools, general_overflow_altar, minmay_temple_entry_ruins
D:8:      layout_basic, vehumet_crystals
Temple:   jpeg_temple_clearing

Skill      XL: |  1  2  3  4  5  6  7  8 |
---------------+-------------------------+-----
Bows           | 5 7 8 9 11 12 | 12.9
Dodging        | 3 |  3.8
Fighting       | 2 3 4 |  4.7
Stealth        | 2 3 |  3.6

Action                   |  1- 3 |  4- 6 |  7- 9 || total
-------------------------+-------+-------+-------++-------
Melee: Shillelagh        |       |       |     6 ||     6
 Fire: Shortbow          |    69 |    49 |   177 ||   295
  Use: Scroll            |     5 |     2 |    10 ||    17
Armor: Robe              |     2 |       |     6 ||     8
Dodge: Dodged            |    10 |     4 |    57 ||    71

Table legend: (Time is in decaauts)
 A = Elapsed time spent in this place.
 B = Non-inter-level travel time spent in this place.
 C = Inter-level travel time spent in this place.
 D = Time resting spent in this place.
 E = Time spent auto-exploring this place.
 F = Levels seen in this place.
 G = Mean time per level.
                   A        B        C        D        E       F      G
               +--------+--------+--------+--------+--------+-----+--------+
         Total |   3813 |   3735 |     78 |    484 |   2307 |  10 |  381.3 |
       Dungeon |   3656 |   3586 |     70 |    484 |   2259 |   8 |  457.0 |
        Temple |     68 |     60 |      8 |      0 |     46 |   1 |   68.0 |
         Sewer |     88 |     88 |      0 |      0 |      1 |   1 |   88.0 |
               +--------+--------+--------+--------+--------+-----+--------+

Top non-repeatable levels by time:
     D:4: 726 daAuts
     D:6: 695 daAuts
     D:5: 592 daAuts
     D:1: 487 daAuts
     D:3: 427 daAuts
     D:2: 387 daAuts
     D:7: 336 daAuts
   Sewer: 88 daAuts
  Temple: 68 daAuts
     D:8: 2 daAuts
